Cogmind - Beta 14 @@@ ROGUE MODE // 2024.08.19 @ 21:21:23 Player: ILikeVoltron Result: Self-destructed Performance ------------- Evolutions (3) 1500 Regions Visited (4) 800 Robots Destroyed (82) 410 Value Destroyed (2571) 2571 Prototype IDs (4) 80 Alien Tech Used (0) 0 Bonus (85) 85 TOTAL SCORE: 5446 Bonus ------- High Alert Combat Kills 85 Cogmind --------- Core Integrity 559/700 Matter 109/300 Energy 310/310 System Corruption 5% Temperature Cool (0) Movement Treading (160) Location -7/Factory Parts ------- > --- POWER (2) -------- Heavy Deuterium Engine > --- PROPULSION (4) --- Medium Treads Medium Treads Medium Treads Medium Treads > --- UTILITY (5) ------ Large Storage Unit Terrain Scan Processor Core Shielding > --- WEAPON (2) ------- Powered Hammer > --- INVENTORY (15) --- Medium Treads Improved Heat Sink Improved Heat Sink Improved Heat Sink Structural Scanner Seismic Detector Target Analyzer Transmission Jammer Advanced ECM Suite Improved Power Shielding Utility Shielding Light Armor Plating Mining Laser Peak State ------------ > --- POWER ------------ Heavy Deuterium Engine Enhanced Nuclear Core > --- PROPULSION ------- Medium Treads Medium Treads Medium Treads Gravmag System > --- UTILITY ---------- Large Storage Unit Improved Terrain Scanner Terrain Scan Processor Core Shielding Medium Insulated Plating > --- WEAPON ----------- Precision Assault Rifle Precision Assault Rifle > --- INVENTORY -------- Improved Heat Sink Improved Heat Sink Improved Heat Sink Structural Scanner Seismic Detector Target Analyzer Transmission Jammer Advanced ECM Suite Improved Power Shielding Utility Shielding Light Armor Plating Improved EM Pulse Cannon Heavy Missile Launcher Mining Laser Powered Hammer [Rating: 51] Favorites ----------- Power Improved Ion Engine Engine Improved Ion Engine Power Core Enhanced Nuclear Core Propulsion Medium Treads Treads Medium Treads Leg Aluminum Leg Wheel Wheel Hover Unit Gravmag System Flight Unit Improved Cesium-ion Thruster Utility Large Storage Unit Device Improved Terrain Scanner Storage Large Storage Unit Processor Terrain Scan Processor Protection Core Shielding Weapon Precision Assault Rifle Energy Gun Small Laser Energy Cannon Improved EM Pulse Cannon Ballistic Gun Precision Assault Rifle Ballistic Cannon Flak Cannon Launcher Heavy Missile Launcher Special Weapon Mining Laser Impact Weapon Flail Special Melee Weapon Improved Datajack Build | -11 -10 -9 -8 -7 ------- Run | Yrd Mat Mat Mat Fac Slots Evolved 6 | . . 2 2 2 Power 1 | . . . . 1 Propulsion 2 | . . 1 1 . Utility 3 | . . 1 1 1 Weapon . | . . . . . Parts Attached 107 | 1 11 28 24 43 Power 12 | . 1 4 3 4 Engine 9 | . 1 3 2 3 Core 3 | . . 1 1 1 Reactor . | . . . . . Propulsion 28 | . 2 8 6 12 Treads 10 | . . 1 . 9 Leg 14 | . 2 6 5 1 Wheel 1 | . . 1 . . Hover 2 | . . . 1 1 Flight 1 | . . . . 1 Utility 35 | 1 4 6 10 14 Device 20 | 1 3 3 6 7 Storage 3 | . 1 . 2 . Processor 2 | . . . 1 1 Hackware . | . . . . . Protection 10 | . . 3 1 6 Artifact . | . . . . . Weapon 32 | . 4 10 5 13 Energy Gun 5 | . 1 3 . 1 Energy Cannon 4 | . . . . 4 Ballistic Gun 12 | . 2 6 . 4 Ballistic Cannon 2 | . . . 2 . Launcher 2 | . . . . 2 Special Weapon 1 | . 1 . . . Impact Weapon 4 | . . 1 2 1 Slashing Weapon . | . . . . . Piercing Weapon . | . . . . . Special Melee Weapon 2 | . . . 1 1 Unidentified Prototypes 4 | . . . . 4 Parts Lost 43 | . 1 7 16 19 Power 9 | . 1 2 3 3 Propulsion 14 | . . 2 7 5 Utility 10 | . . . 3 7 Weapon 10 | . . 3 3 4 Highest Loss Streak 10 | . 1 2 10 5 To Critical Strikes . | . . . . . Average Slot Usage (%) 93 | . 100 96 88 92 Engine 8 | . 14 8 6 7 Core 3 | . . . 1 6 Treads 12 | . . 1 . 21 Leg 13 | . 28 27 28 1 Hover 1 | . . . . 1 Device 10 | . 14 15 10 8 Storage 9 | . 14 11 13 7 Processor 5 | . . . 9 7 Protection 8 | . . 5 . 12 Energy Gun 3 | . 12 3 6 . Energy Cannon 1 | . . . . 2 Ballistic Gun 10 | . 14 16 . 9 Impact Weapon 1 | . . . 4 . Peak Build Rating 51 | 9 10 21 30 51 Average Rating 29 | 7 8 16 23 41 On Entrance 11 | 6 9 8 19 14 Naked Turns . | . . . . . Heaviest Build 59 | 11 28 36 37 59 Greatest Support 112 | 20 20 51 68 112 Greatest Overweight (x) 3 | . 1 2 2 3 Average Overweight (x) . | . . . . . Largest Inventory Capacity 15 | 8 15 15 15 15 Average Capacity 14 | 8 13 15 15 15 Most Carried 15 | 7 15 15 15 15 Average Carried 13 | 6 10 14 13 13 Final Capacity 15 | 8 15 15 15 15 Final Carried 15 | 7 15 15 11 13 Class Distribution -------------------- 64% | Mutant 32% | Scavenger-Mutant Dominant Class ---------------- Scavenger-Mutant | -10/Materials Mutant | -9/Materials Mutant | -8/Materials Mutant | -7/Factory Resources | -11 -10 -9 -8 -7 ----------- Run | Yrd Mat Mat Mat Fac Matter Collected 1896 | 215 117 427 218 919 Remotely . | . . . . . Salvage Created 2960 | 114 221 749 468 1408 Parts 179 | 6 17 57 25 74 Haulers Intercepted 3 | . . 1 . 2 Recyclers Shooed 3 | . . 1 . 2 Parts Field Recycled . | . . . . . Retrieved Matter . | . . . . . Parts Self-Destructed . | . . . . . Prevented . | . . . . . Kills | -11 -10 -9 -8 -7 ------- Run | Yrd Mat Mat Mat Fac Combat Hostiles Destroyed 60 | . 7 19 13 21 Guns 38 | . 7 19 2 10 Cannons 14 | . . . 10 4 AOE 5 | . . . . 5 Classes Destroyed 13 | 2 2 4 3 2 Worker 7 | . . 1 . 6 Builder 5 | . . 1 1 3 Tunneler 1 | 1 . . . . Hauler 3 | . . 1 . 2 Recycler 4 | 1 . . . 3 Operator 1 | . . . . 1 Watcher 1 | . . . 1 . Swarmer 15 | . 3 9 2 1 Grunt 26 | . 4 4 4 14 Duelist 3 | . . . 2 1 Sentry 10 | . . 6 4 . Hunter 3 | . . . 1 2 Programmer 3 | . . . . 3 Best Kill Streak 10 | 2 3 5 6 10 Combat Bots Only 6 | . 3 5 6 4 Max Kills in Single Turn 3 | 1 1 2 2 3 Gunslinging 1 | . . 1 . . Exploded 2 | . . . . 2 Melee . | . . . . . Uniques/NPCs Destroyed . | . . . . . Combat | -11 -10 -9 -8 -7 -------- Run | Yrd Mat Mat Mat Fac Hostile Shots Fired 643 | . 50 166 208 219 Missed 167 | . 13 42 53 59 Damage Taken 6770 | . 456 1377 2134 2803 Core 875 | . 114 180 440 141 Absorbed by Shields . | . . . . . Redirected to Shielding 35 | . . 5 . 30 Ignored by Resistances 55 | . . . . 55 Core Remaining (%) 57 | 100 54 55 20 . Volleys Fired 254 | 5 30 74 45 100 Largest 2 | 2 2 2 2 2 Hottest 129 | 60 120 106 106 129 Shots Fired 443 | 10 60 144 55 174 Gun 351 | 10 59 144 18 120 Cannon 80 | . . . 37 43 Launcher 11 | . . . . 11 Special 1 | . 1 . . . Kinetic 308 | 5 30 125 37 111 Thermal 83 | 5 30 19 18 11 Explosive 11 | . . . . 11 Electromagnetic 41 | . . . . 41 Robot Hit Streak 20 | 4 8 17 7 20 Robot Miss Streak 6 | 1 6 4 6 3 Penetration Max . | . . . . . Secondary Targets 3 | . . 1 . 2 Max Gunslinging Chain 1 | . . 1 . 1 Shots Hit Robots 318 | 7 36 96 50 129 Core Hits 165 | 3 15 43 42 62 Critical Kills . | . . . . . Critical Parts Destroyed 2 | . . 1 . 1 Critical Strikes 5 | . . 3 1 1 Burn 3 | . . 2 1 . Destroy 1 | . . 1 . . Smash 1 | . . . . 1 Melee Attacks 14 | . . . 7 7 Impact 14 | . . . 7 7 Slashing . | . . . . . Piercing . | . . . . . Sneak Attacks . | . . . . . Combat Hostiles . | . . . . . Follow-up Attacks . | . . . . . Damage Inflicted 6279 | 63 344 936 1139 3797 Guns 3275 | 63 344 936 189 1743 Cannons 1293 | . . . 757 536 Explosions 1408 | . . . . 1408 Melee 303 | . . . 193 110 Ramming . | . . . . . Kinetic 3334 | 21 167 735 757 1654 Thermal 1010 | 42 177 201 189 401 Explosive 930 | . . . . 930 Electromagnetic 702 | . . . . 702 Impact 303 | . . . 193 110 Slashing . | . . . . . Piercing . | . . . . . Highest Corruption 5 | . . 1 . 5 Average Corruption 1 | . . 1 . 2 Corruption Purged . | . . . . . Corruption Blocked . | . . . . . Effects 8 | . . 5 . 3 Message Errors 1 | . . 1 . . Matter Fused 2 | . . 1 . 1 Energy Discharges 2 | . . 1 . 1 Parts Rejected 1 | . . 1 . . Data Loss (minor) 1 | . . . . 1 Weapon Failures 1 | . . 1 . . Overload Shots . | . . . . . Overflow Damage 134 | . . . 30 104 Projectiles 3 | . . . 1 2 Explosions 48 | . . . . 48 Melee 83 | . . . 29 54 Knockbacks 9 | . . . 9 . Impact 1 | . . . 1 . Kinetic 8 | . . . 8 . Secondary . | . . . . . Self-Inflicted Damage 409 | . . . . 409 Shots 11 | . . . . 11 Rammed . | . . . . . Targets Rammed . | . . . . . Kicked . | . . . . . Crushed . | . . . . . Highest Temperature 390 | 20 215 170 272 390 Average Temperature 82 | 13 69 58 113 89 Received Heat Transfer 2040 | . 213 411 846 570 Effects 8 | . . . 3 5 Shutdowns 1 | . . . . 1 Interference 7 | . . . 3 4 Siege Activations . | . . . . . Robots Corrupted 3 | . . . 1 2 Combat Hostiles 3 | . . . 1 2 Parts Fried 4 | . . . 2 2 Impact Corruptions 6 | . . . 3 3 Robots Melted . | . . . . . Combat Hostiles . | . . . . . Parts Melted 2 | . . 1 1 . Heat Transferred 2143 | 100 400 666 592 385 Parts Sabotaged . | . . . . . Parts Stolen . | . . . . . Parts Stripped . | . . . . . Power Chain Reactions 4 | . . . . 4 Alert | -11 -10 -9 -8 -7 ------- Run | Yrd Mat Mat Mat Fac Peak Influence 569 | 10 181 451 569 415 Initial 190 | . 6 21 190 166 Average 152 | 6 76 204 352 119 Maximum Alert Level 2 | . . 2 2 2 Low Security (%) 74 | 100 100 47 11 86 Level 1 19 | . . 46 54 10 Level 2 6 | . . 5 33 2 Level 3 . | . . . . . Level 4 . | . . . . . Level 5 . | . . . . . High Security . | . . . . . Max Security . | . . . . . Squads Dispatched 12 | . 1 1 2 8 Investigation . | . . . . . Extermination 4 | . . . . 4 Reinforcement 7 | . 1 1 2 3 Assault . | . . . . . Garrison 1 | . . . . 1 Intercept . | . . . . . Searches Triggered . | . . . . . Construction Impeded 1 | . . . . 1 Haulers Reinforced 1 | . . . . 1 Active Scanning Responses . | . . . . . Cargo Convoy Interrupts . | . . . . . Stealth | -11 -10 -9 -8 -7 --------- Run | Yrd Mat Mat Mat Fac Distress Signals 5 | . . 3 2 . Communications Jammed . | . . . . . Distress Signals . | . . . . . Times Spotted 95 | . 11 29 26 29 Peak Tracking Total 9 | . 3 7 9 4 Tactical Retreats 7 | . . 2 3 2 Traps | -11 -10 -9 -8 -7 ------- Run | Yrd Mat Mat Mat Fac Traps Triggered 5 | . . 2 . 3 Indirectly 1 | . . . . 1 Trap Hack Attempts . | . . . . . Triggered . | . . . . . Disarmed . | . . . . . Reprogrammed . | . . . . . Reused . | . . . . . Traps Extracted . | . . . . . Installed . | . . . . . Triggered . | . . . . . Machines | -11 -10 -9 -8 -7 ---------- Run | Yrd Mat Mat Mat Fac Machines Disabled 20 | . . 1 2 17 Max in Single Turn 6 | . . 1 1 6 Machines Repaired . | . . . . . Machines Dismantled . | . . . . . Machines Sabotaged . | . . . . . Overloaded Fab Kills . | . . . . . Hacking | -11 -10 -9 -8 -7 --------- Run | Yrd Mat Mat Mat Fac Machines Accessed 12 | . 4 3 4 1 Terminals 11 | . 4 3 3 1 Fabricators . | . . . . . Repair Stations 1 | . . . 1 . Recycling Units . | . . . . . Scanalyzers . | . . . . . Garrison Access . | . . . . . Total Hacks 16 | . 5 3 7 1 Successful 6 | . 1 2 2 1 Failed 10 | . 4 1 5 . Catastrophic 2 | . 1 . 1 . Database Lockouts . | . . . . . Manual 4 | . 2 . 2 . Terminals 15 | . 5 3 6 1 Fabricators . | . . . . . Repair Stations 1 | . . . 1 . Recycling Units . | . . . . . Scanalyzers . | . . . . . Garrison Access . | . . . . . Terminal Hacks 5 | . 1 2 1 1 Branch Access Points 1 | . . . . 1 Locate Traps 1 | . . . 1 . Maintenance Status 1 | . . 1 . . Zone Layout 2 | . 1 1 . . Fabricator Hacks . | . . . . . Repair Station Hacks 1 | . . . 1 . Scan Component 1 | . . . 1 . Recycling Unit Hacks . | . . . . . Scanalyzer . | . . . . . Garrison Access Hacks . | . . . . . Unauthorized Hacks . | . . . . . Terminals . | . . . . . Fabricators . | . . . . . Repair Stations . | . . . . . Recycling Units . | . . . . . Scanalyzers . | . . . . . Garrison Access . | . . . . . Data Cores Recovered . | . . . . . Used . | . . . . . Hacking Detections 7 | . 3 . 4 . Full Trace Events . | . . . . . Feedback Events . | . . . . . Feedback Blocked . | . . . . . Robot Schematics Acquired . | . . . . . Robots Built . | . . . . . Authchips . | . . . . . Time . | . . . . . Total Robot Build Rating . | . . . . . Part Schematics Acquired . | . . . . . Parts Built . | . . . . . Authchips . | . . . . . Time . | . . . . . Total Part Build Rating . | . . . . . Parts Repaired . | . . . . . Time . | . . . . . Parts Recycled . | . . . . . Recycled Matter . | . . . . . Retrieved Matter . | . . . . . Retrieved Components . | . . . . . Parts Scanalyzed . | . . . . . Part Schematics Acquired . | . . . . . Parts Damaged . | . . . . . Bothacking | -11 -10 -9 -8 -7 ------------ Run | Yrd Mat Mat Mat Fac Used RIF Installer . | . . . . . Robots Hacked . | . . . . . Non-combat . | . . . . . Combat . | . . . . . Robot Hacks Applied . | . . . . . Relay Couplers Released . | . . . . . Fabnet Peak Effective % . | . . . . . Robots Rewired . | . . . . . Allies Hacked . | . . . . . Hacks Repelled . | . . . . . Allies | -11 -10 -9 -8 -7 -------- Run | Yrd Mat Mat Mat Fac Total Allies . | . . . . . Largest Group . | . . . . . Highest-Rated Group . | . . . . . Highest-Rated Ally . | . . . . . Total Orders . | . . . . . Ally Attacks . | . . . . . Total Damage . | . . . . . Kills . | . . . . . Allies Corrupted . | . . . . . Allies Melted . | . . . . . Intel | -11 -10 -9 -8 -7 ------- Run | Yrd Mat Mat Mat Fac Robot Analysis Total . | . . . . . Derelict Logs Recovered . | . . . . . Drone Launches . | . . . . . Drone Recoveries . | . . . . . Exploration | -11 -10 -9 -8 -7 ------------- Run | Yrd Mat Mat Mat Fac Turns Passed 3853 | 49 606 615 445 2138 Spaces Moved 1603 | 18 240 260 181 904 Core . | . . . . . Treads 812 | . . 9 . 803 Legs 723 | 18 240 183 181 101 Wheels 68 | . . 68 . . Hover . | . . . . . Flight . | . . . . . Fastest Speed 90 | 120 120 90 113 160 Average Speed 162 | 120 178 121 149 173 Slowest Speed 330 | 120 190 240 260 330 Overloaded Moves . | . . . . . Propulsion Burnouts . | . . . . . Robots Hopped . | . . . . . Cave-ins Triggered . | . . . . . Exploration Rate (%) 26 | 3 52 28 23 26 Regions Visited 4 Branch Regions . Pre-discovered Areas . | . . . . . Known Exits Taken . | . . . . . Unknown Exits Taken 4 | 1 1 1 1 . Scrap Searched . | . . . . . Spaces Dug 3 | . 1 . . 2 Terrain Destroyed 67 | . 1 . 1 65 Melee 2 | . . . . 2 Projectile 2 | . 1 . 1 . AOE 63 | . . . . 63 Terrain Rammed . | . . . . . Walls Destroyed . | . . . . . Machines Disabled . | . . . . . Actions | -11 -10 -9 -8 -7 --------- Run | Yrd Mat Mat Mat Fac Total 2409 | 36 362 442 287 1282 Wait 337 | 12 67 47 23 188 Move 1599 | 17 239 259 180 904 Hop . | . . . . . Pick Up 53 | 1 9 16 6 21 Fast Attach 28 | 1 . 6 3 18 Attach 31 | . 1 7 11 12 Detach 1 | . . . . 1 Swap 48 | . 10 15 10 13 Drop 44 | . 6 18 2 18 Fire 254 | 5 30 74 45 100 Melee 14 | . . . 7 7 Ram . | . . . . . Kick . | . . . . . Crush . | . . . . . Escape Stasis . | . . . . . Rewire . | . . . . . Trap . | . . . . . Miscellaneous . | . . . . . Route ------- -11/Scrapyard -10/Materials (discovered 2 exits: *Mat x2) -9/Materials -8/Materials -7/Factory (discovered 2 exits: Low x2) History --------- Turn | Location | Event 1 | -11/Scrapyard | Discovered new exit (range 3) 50 | -11/Scrapyard | Entered Materials 315 | -10/Materials | Discovered new exit (range 5) 452 | -10/Materials | Build established: Scavenger-Mutant 594 | -10/Materials | Discovered new exit (range 14) 656 | -10/Materials | Entered another Materials area 656 | -9/Materials | Evolved 2 slots: Propulsion x1, Utility x1 1090 | -9/Materials | Build established: Mutant 1223 | -9/Materials | Discovered new exit (range 9) 1271 | -9/Materials | Entered another Materials area 1271 | -8/Materials | Evolved 2 slots: Propulsion x1, Utility x1 1604 | -8/Materials | Core integrity fell below 50% 1664 | -8/Materials | Lost 10 parts (1p6n2u1w) 1672 | -8/Materials | Discovered new exit (range 16) 1716 | -8/Materials | Entered Factory 1716 | -7/Factory | Evolved 2 slots: Power x1, Utility x1 2350 | -7/Factory | Identified exit to Lower Caves 2802 | -7/Factory | Lost 3 parts (2n1u) 3034 | -7/Factory | Build established: Scavenger-Mutant 3364 | -7/Factory | Build established: Mutant 3644 | -7/Factory | Lost 5 parts (1n2u2w) 3814 | -7/Factory | Garrison activated, responded to threat 3854 | -7/Factory | Self-destructed Last Messages --------------- 03825_ K-01 Serf collects debris. 03831_ Imp. EM Pulse Cannon destroyed. 03834_ The unstable cave ceiling collapses. 03835_ K-01 Serf collects debris. 03838_ Destroyed Gravmag System. 03838_ P-60 Hacker system corrupted by crushing effect. 03841_ Destroyed Target Analyzer. 03841_ P-60 Hacker system corrupted by crushing effect. 03842_ K-01 Serf collects debris. 03844_ The unstable cave ceiling collapses. 03846_ K-01 Serf collects debris. 03847_ P-60 Hacker IFF system glitched. 03847_ Chain reaction triggered in Lgt. Ion Engine. 03847_ K-01 Serf destroyed. 03848_ The unstable cave ceiling collapses. 03849_ K-01 Serf collects debris. 03851_ P-60 Hacker suffers critical hit (Smash). 03851_ Destroyed Remote Datajack. 03851_ P-60 Hacker system corrupted by crushing effect. 03851_ Enh. Nuclear Core destroyed. Map ----- +----------------------------------------------------+ | ?????????????????????????????????????????????????? | | ?????????????????????????????????????????????????? | | ?????????????????????????????????????????????????? | | ?????????????????????????????????????????????????? | | ?????????????????????????????????????????????????? | | ?????????????????????????????????????????????????? | | ?????????????????????????????????????????????????? | | ?????????????????????????##################??????? | | ?????????????????????????# ! #??????? | | ?????????????????????????# ! ! #??????? | | ?????????????????????????# = #??????? | | ?????????????????????????# #??????? | | ?????????????????????????# #??????? | | ????????????############## =#??????? | | ????????????# ## ! #??????? | | ????????????# ## #??????? | | ????????????# #??????? | | ????????????# # ####+#+########????? | | ????????????# # #????? | | ????????????# # #????? | | ????????????# [[ !!! #????? | | ????????????# # [[ ! ! #????? | | ????????????# [[ ! #????? | | ????????????# #????? | | ????????????# # #????? | | ????????????# #@ #????? | | ????????????# # #????? | | ????????????######### p """ #????? | | ????????????????????# """ #????? | | ????????????????????# ## """ #????? | | ????????????????????## # #?#??? | | ????##+##???????????# # #????? | | ???? ?????????? !] #????? | | ???? ???????? Y k ! =#????? | | ???? ??????? ] ! #???#? | | # ?? ????? #????? | | # ???? ###??? | | # """ #?????####### "#???? | | # """ #???????????## !%= "##### | | # """ #???????????"" # = | | # #????????"???" # = = | | # #???????????? # ! | | # #??????????? ??+ | | #! """ #?????????? ?? # % | | # """ #??????????? # ######## | | # """ ################ ###?????# | | "" ####?#### | | "" !%= #####??##???# | | * #??#?#???#??# | | ^ ##??##?###?#? | +----------------------------------------------------+ Best States ------------- Heat Dissipation 48 Energy Generation 30 Energy Capacity 510 Matter Stores 300 Matter Capacity 300 Sight Range 16 Terrain Scan Range 16 Terrain Scan Density 85 Armor Coverage 375 Resistance: TH 10 Resistance: EX 25 Resistance: EM 20 Core Shielding 20 Utility Shielding 33 Evasion (%) 57 Targeting Accuracy 6 Recoil Reduction 4 Item Schematics ----------------- None Robot Schematics ------------------ None Fabricated ------------ Nothing Alien Tech Used ----------------- None Achievements -------------- None Challenges ------------ None Game ------ Seed AccelerationBarrageExtractor Manual? 0 Play Time 00:44:04 Cumulative 148.9 hours Start 2024.08.19 @ 19:02:28 End 2024.08.19 @ 21:21:23 Sessions 3 Manual Loads 0 Difficulty Rogue Special Mode None Game No. 265 Rogue 261 Adventurer 0 Explorer 4 Win Type - Total 0 Types 0/0/0/0/0/0/0/0/0 Lore% 19 Gallery% 45 Achievement% 34 Wizard Run 0 Options --------- Layout 1 ASCII 0 Keyboard 1 Movement Arrows Keybinds 0 Fullscreen 1 Font 32/Proggy Map View 130x35 Zoom Use 0% Tactical HUD 1 Map Filters NONE Filters NONE Steam 0 RUN: 150d7ff3-2f85-4e86-adcb-a6da3781f426